 Dungeon Crawl Stone Soup version 0.28-b1-25-g9875b3fc8c (webtiles) character file.

Game seed: 10798967825092308974

747 zeram the Covert (level 7, -2/46 HPs)
             Began as an Octopode Fighter on Feb 2, 2022.
             Slain by a sky beast (6 damage)
             ... on level 5 of the Dungeon.
             The game lasted 00:04:16 (4397 turns).

zeram the Covert (Octopode Fighter)                 Turns: 4397, Time: 00:04:17

Health: -2/46      AC:  1    Str: 18    XL:     7   Next: 77%
Magic:  7/7        EV: 13    Int: 10    God:
Gold:   160        SH: 10    Dex: 11    Spells: 6/6 levels left

rFire   . . .      SeeInvis +   f - +0 dagger
rCold   . . .      Faith    .   b - +1 buckler
rNeg    . . .      Spirit   .   (helmet restricted)
rPois   .          Reflect  +   h - amulet of reflection
rElec   .          Harm     .   g - ring of see invisible
rCorr   .          Rampage  .   (no ring)
Will    .....                   (no ring)
Stlth   +++++.....              (no ring)
HPRegen 0.15/turn               (no ring)
MPRegen 0.10/turn               (no ring)
                                (no ring)
                                (no ring)

@: no status effects
A: almost no armour, amphibious, 8 rings, camouflage 1, gelatinous body 1,
(nimble swimmer 1), tentacles
a: no special abilities


You were on level 5 of the Dungeon.
You visited 1 branch of the dungeon, and saw 5 of its levels.

You collected 160 gold pieces.

Inventory:

Hand Weapons
 a - a +0 rapier
 f - a +0 dagger (weapon)
Armour
 b - a +1 buckler (worn)
 j - an orb of guile
Jewellery
 g - a ring of see invisible (left tentacle)
 h - an amulet of reflection (around mantle)
Scrolls
 e - 3 scrolls of noise
 n - a scroll of vulnerability
Potions
 c - a potion of degeneration {unknown}
 d - a potion of ambrosia {unknown}
 i - 2 potions of flight
 k - 3 potions of curing
 l - a potion of might
 m - a potion of lignification {unknown}
 p - a potion of resistance {unknown}


   Skills:
 - Level 3.0 Fighting
 + Level 4.3 Short Blades
 + Level 4.0 Dodging
 * Level 8.7 Stealth
 + Level 4.0 Shields


You had 6 spell levels left.
You didn't know any spells.
Your spell library contained the following spells:

 Spells                   Type           Power      Damage    Failure   Level
 Apportation              Tloc           0%         N/A       43%         1
 Sandblast                Erth           0%         2d4       43%         1
 Passwall                 Tmut/Erth      0%         N/A       58%         2
 Sublimation of Blood     Necr           0%         N/A       58%         2
 Wereblood                Tmut           0%         N/A       58%         2
 Dazzling Flash           Conj/Hex       0%         N/A       82%         3
 Stone Arrow              Conj/Erth      0%         3d7       82%         3
 Olgreb's Toxic Radiance  Pois           0%         N/A       99%         4
 Agony                    Necr           0%         N/A       100%        5
 Alistair's Intoxication  Tmut/Pois      0%         N/A       100%        5
 Silence                  Hex/Air        0%         N/A       100%        5
 Ozocubu's Refrigeration  Ice            0%         4d5       100%        7
 Summon Hydra             Summ           0%         N/A       100%        7
 Ignition                 Fire           0%         3d3       100%        8


Dungeon Overview and Level Annotations

Branches:
Dungeon (5/15)
 Temple: D:4-7

Altars:
Dithmenos

Shops:
D:3 [


Innate Abilities, Weirdness & Mutations

You cannot wear most types of armour.
You are amphibious.
You can wear up to eight rings at the same time.
Your skin changes colour to match your surroundings (Stealth+).
Your rubbery body absorbs attacks. (AC +1, EV +1)
((You are camouflaged when in or above water. (Stealth+)))
You have tentacles for arms and can constrict up to eight enemies at once.


Message History

The sky beast barely misses you.
You hit the sky beast. You squeeze the sky beast.
The sky beast is moderately wounded.
The sky beast closely misses you.
You closely miss the sky beast.
The sky beast is moderately wounded.
You block the sky beast's attack.
You hit the sky beast. Your squeeze misses the sky beast.
The sky beast is moderately wounded.
You block the sky beast's attack.
You hit the sky beast but do no damage.
The sky beast is moderately wounded.
The sky beast hits you. The sky beast shocks you.
You hit the sky beast. You squeeze the sky beast.
The sky beast is severely wounded.
You hit the sky beast but do no damage. You squeeze the sky beast.
The sky beast is severely wounded.
The sky beast hits you. The sky beast shocks you.
You hit the sky beast. Your squeeze misses the sky beast.
The sky beast is severely wounded.
The sky beast hits you. The sky beast shocks you.
You hit the sky beast but do no damage.
The sky beast is severely wounded.
The sky beast hits you. The sky beast shocks you.
You are too injured to fight recklessly!
You barely miss the sky beast.
The sky beast is severely wounded.
The sky beast hits you.
* * * LOW HITPOINT WARNING * * *
The sky beast shocks you.
* * * LOW HITPOINT WARNING * * *
You barely miss the sky beast. Your squeeze misses the sky beast.
The sky beast is severely wounded.
You block the sky beast's attack.
You miss the sky beast. You tentacle-slap the sky beast.
The sky beast is almost dead.
The sky beast hits you.
* * * LOW HITPOINT WARNING * * *
The sky beast shocks you.
You die...

.$.# .....# ###........
#...#. #... #..........
#.....
#..####..........
.....##.............##.
.....#..............#..
#.....####.......#..
#.....## #..........
##......# ##.........
#...@...# #..........
#...Y..## ##.........
##..#.######.#.......
###### #..#......#..
#.........#..
#.....#..##..
##...######## ###.# ###


You could see a sky beast.

Vanquished Creatures
  Grinder (D:4)
  2 ogres (D:4)
  A scorpion (D:4)
  A howler monkey (D:4)
  2 hounds (D:4)
  3 bullfrog skeletons
  An orc wizard (D:5)
  Terence (D:2)
  4 adders
  3 worms
  3 orcs (D:4)
  2 ball pythons
  3 bats
  3 endoplasms
  2 giant cockroaches
  A hobgoblin (D:2)
  2 quokkas
  6 frilled lizards
  5 goblins
  4 kobolds
  22 rats
72 creatures vanquished.

Vanquished Creatures (collateral kills)
  An endoplasm (D:4)
1 creature vanquished.

Vanquished Creatures (others)
  A fungus (D:3)
  2 plants (D:3)
3 creatures vanquished.

Grand Total: 76 creatures vanquished

Notes
Turn   | Place    | Note
-------+----------+-------------------------------------------
     0 | D:1      | zeram the Octopode Fighter began the quest for the Orb.
     0 | D:1      | Reached XP level 1. HP: 16/16 MP: 1/1
   497 | D:1      | Reached XP level 2. HP: 5/21 MP: 2/2
   923 | D:1      | Reached skill level 1 in Stealth
  1267 | D:2      | Reached skill level 2 in Stealth
  1267 | D:2      | Reached XP level 3. HP: 15/26 MP: 3/3
  1545 | D:2      | Noticed Terence
  1558 | D:2      | Killed Terence
  1662 | D:2      | Reached XP level 4. HP: 29/31 MP: 4/4
  1673 | D:2      | Reached skill level 3 in Stealth
  1991 | D:3      | Found a faded altar of an unknown god.
  2349 | D:3      | Reached skill level 4 in Stealth
  2777 | D:3      | Found Baowoetz's Armour Shoppe.
  2899 | D:4      | Found a shadowy altar of Dithmenos.
  3144 | D:4      | Noticed Grinder
  3151 | D:4      | Paralysed by Grinder for 4 turns
  3158 | D:4      | Killed Grinder
  3159 | D:4      | Reached skill level 6 in Stealth
  3159 | D:4      | Reached XP level 5. HP: 18/36 MP: 5/5
  3159 | D:4      | Reached XP level 6. HP: 21/42 MP: 6/6
  3347 | D:4      | Reached skill level 7 in Stealth
  3380 | D:4      | Reached XP level 7. HP: 46/46 MP: 7/7
  3884 | D:4      | Reached skill level 8 in Stealth
  3957 | D:5      | Entered Level 5 of the Dungeon
  4397 | D:5      | Slain by a sky beast

Illustrated notes

Levels and vault maps discovered:
D:1:      dpeg_arrival_simpleton_a, layout_basic, serial_rivers,
          chequers_serial_rivers_large_a, chequers_serial_rivers_room_b,
          chequers_serial_rivers_large_b, chequers_serial_rivers_small_a
D:2:      layout_rooms, minmay_rat_hole, uniq_terence
D:3:      layout_loops_corners, dreamdust_ecumenical_altar_grove, serial_shops,
          nicolae_lakefront_shop, grunt_ministairs_1
D:4:      layout_cave_pools, mainiacjoe_overflow_small_starburst, uniq_grinder
D:5:      layout_cave_pools, nicolae_overflow_squiral, amcnicky_mini_pool_small,
          st_stairs_11, amethyst_killhole, hex_medium, minmay_circle_x

Skill      XL: |  1  2  3  4  5  6  7 |
---------------+----------------------+-----
Stealth        | 2 6 7 8 |  8.7
Short Blades   | 3 4 |  4.3
Dodging        | 4 |  4.0
Shields        | 4 |  4.0
Fighting       | |  3.0

Action                   |  1- 3 |  4- 6 |  7- 9 || total
-------------------------+-------+-------+-------++-------
Melee: Rapier            |    15 |       |       ||    15
       Constrict         |    16 |    18 |     9 ||    43
       Tentacles         |     9 |    11 |    11 ||    31
       Dagger            |    43 |    77 |    52 ||   172
       Punch             |     2 |     2 |     1 ||     5
  Use: Potion            |     1 |     1 |     1 ||     3
       Scroll            |       |     8 |     2 ||    10
 Stab: Sleeping          |     5 |     7 |     2 ||    14
Armor: Skin              |     4 |       |       ||     4
Dodge: Dodged            |    22 |    21 |    21 ||    64
Block: Buckler           |    10 |    24 |    31 ||    65
